 Dungeon Crawl Stone Soup version 0.27.1-34-g3ba077fa99 (webtiles) character file.

Game seed: 4657249546106380503

49 CrazyMind the Shield-Bearer (level 3, -4/20 HPs)
             Began as a Vine Stalker Fighter on Jan 19, 2022.
             Killed by divine providence
             ... invoked by an orc priest
              (11 damage)
             ... on level 2 of the Dungeon.
             The game lasted 00:05:37 (996 turns).

CrazyMind the Shield-Bearer (Vine Stalker Fighter)   Turns: 996, Time: 00:05:38

Health: -4/20      AC:  6    Str: 19    XL:     3   Next: 77%
Magic:  0/4        EV:  7    Int:  8    God:
Gold:   46         SH:  9    Dex: 13    Spells: 2/2 levels left

rFire    . . .     SeeInvis .   a - +1 flail
rCold    . . .     Faith    .   c - +0 kite shield
rNeg     . . .     Spirit   +   b - +0 scale mail
rPois    .         Reflect  .   (no helmet)
rElec    .         Harm     .   (no cloak)
rCorr    .         Rampage  .   (no gloves)
Will     .....                  (no boots)
Stlth    ..........             (no amulet)
HPRegen  0.06/turn              (no ring)
MPRegen  0.09/turn              (no ring)

@: no status effects
A: fangs 2, magic shield, antimagic bite, no potion heal 2
a: no special abilities


You were on level 2 of the Dungeon.
You visited 1 branch of the dungeon, and saw 2 of its levels.

You collected 46 gold pieces.

Inventory:

Hand Weapons
 a - a +1 flail (weapon)
Armour
 b - a +0 scale mail (worn)
 c - a +0 kite shield (worn)
Scrolls
 e - a scroll of identify
 h - a scroll of holy word {unknown}
Potions
 g - a potion of attraction


   Skills:
 + Level 3.1 Fighting
 + Level 2.0 Maces & Flails
 + Level 2.9 Armour
 + Level 0.1 Dodging
 * Level 3.2 Shields


You had 2 spell levels left.
You didn't know any spells.
Your spell library contained the following spells:

 Spells                   Type           Power      Damage    Failure   Level
 Foxfire                  Conj/Fire      0%         2x1d4     99%         1
 Sublimation of Blood     Necr           0%         N/A       100%        2
 Petrify                  Tmut/Erth      0%         N/A       100%        4
 Sticky Flame             Conj/Fire      0%         2d3       100%        4
 Borgnjor's Vile Clutch   Necr/Erth      0%         N/A       100%        5
 Irradiate                Conj/Tmut      0%         3d13      100%        5
 Haunt                    Necr/Summ      0%         N/A       100%        7


Dungeon Overview and Level Annotations

Branches:
Dungeon (2/15)

Altars:

Annotations:
D:2 Natasha


Innate Abilities, Weirdness & Mutations

You have extremely sharp teeth.
When hurt, damage is shared between your health and your magic reserves.
Your bite disrupts and absorbs the magic of your enemies.
Potions cannot restore your health.


Message History

h - a scroll labelled BIATID GUOTA A giant cockroach comes into view.
You sock the giant cockroach!
You kill the giant cockroach!
You see here a giant cockroach corpse.
Natasha, Servant of Life and Death comes into view.
Press: ? - help, v - describe, . - travel
Here: Natasha The floor.
Press: ? - help, v - describe, . - travel
Here: Natasha The floor.
Unknown command.
As you read the scroll labelled KUC VONAXT, it crumbles to dust.
It is a scroll of identify.
g - a potion of attraction Natasha casts a spell at you.
The magic dart hits you.
As you read the scroll labelled BUILAVVEOTS, it crumbles to dust.
You assume a fearsome visage.
Natasha looks frightened!
It was a scroll of fear.
An orc comes into view. It is wielding a +0 whip.
The orc shouts!
You hear a shout!
An orc comes into view. It is wielding a +0 trident.
The orc moves out of view.
The orc barely misses you. 2 orc priests come into view.
The orc priest shouts! x2; You hear a shout!
An orc comes into view. It is wielding a +0 short sword.
The orc shouts!
The orc priest invokes the aid of Beogh against you.
Beogh smites you!
Ouch! That really hurt!
As you read the scroll labelled DATOGE KEJA, it crumbles to dust.
It is a scroll of enchant weapon.
Your +0 flail glows red for a moment.
The orc priest calls down the wrath of Beogh upon you.
Beogh smites you!
Ouch! That really hurt!
You die...

########## #.........
#.######## ######.#
####......#####
##..o..........#
#####.@##†########.#
.......o##.# .#
.###...o.#o###### h#
#....o.o........ ..
##.....#......## .#
######...#######.###.#
...........# #.##...
........##.# #.##..#
.#########.# #.##..#


You could see 2 orc priests and 3 orcs.

Vanquished Creatures
  A gnoll (D:1)
  A dart slug (D:1)
  4 endoplasms (D:1)
  6 giant cockroaches
  2 hobgoblins (D:1)
  6 jackals (D:1)
  A quokka (D:1)
  4 bats (D:1)
  A frilled lizard (D:1)
  2 goblins (D:1)
  3 kobolds (D:1)
  3 rats
34 creatures vanquished.

Notes
Turn   | Place    | Note
-------+----------+-------------------------------------------
     0 | D:1      | CrazyMind the Vine Stalker Fighter began the quest for the
                  | Orb.
     0 | D:1      | Reached XP level 1. HP: 11/11 MP: 2/2
     7 | D:1      | Got the Tome of Dark Ignition
   161 | D:1      | Reached XP level 2. HP: 16/16 MP: 3/3
   224 | D:1      | Reached XP level 3. HP: 15/20 MP: 4/4
   982 | D:2      | Noticed Natasha
   996 | D:2      | Killed from afar by an orc priest

Illustrated notes

Levels and vault maps discovered:
D:1:      minmay_arrival_plants_in_alcoves, layout_loops_ring, st_stairs_10
D:2:      layout_loops_ring, minmay_crystal_room, uniq_natasha, uniq_terence

Skill      XL: |  1  2  3 |
---------------+----------+-----
Fighting       | 3 |  3.1
Shields        | 3 |  3.2
Maces & Flails | 2 |  2.0
Armour         | |  2.9
Dodging        | |  0.1

Action                   || total
-------------------------++-------
Melee: Flail             ||    73
       Bite              ||    19
  Use: Potion            ||     1
       Scroll            ||     3
Armor: Scale mail        ||    41
Dodge: Dodged            ||    25
Block: Kite shield       ||    31
